 Dungeon Crawl Stone Soup version 0.31-a0-246-g8cbcc1cb85 (webtiles) character file.

Game seed: 17821988155941823820

53 innerfire43 the Trooper (level 3, 0/29 HPs)
             Began as a Demonspawn Monk on July 12, 2023.
             Was a Priest of Trog.
             Succumbed to an adder's poison
             ... on level 2 of the Dungeon.
             The game lasted 00:01:12 (1404 turns).

innerfire43 the Trooper (Demonspawn Monk)           Turns: 1404, Time: 00:01:12

Health: 0/29       AC:  3    Str: 10 (13) XL:     3   Next: 62%
Magic:  3/3        EV: 13    Int:  9 (11) God:    Trog [***...]
Gold:   130        SH:  4    Dex: 13 (15) Spells: 2/2 levels left

rFire   x . .        a - +0 hand axe
rCold   . . .        d - orb {light}
rNeg    . . .        b - +0 robe
rPois   .            (no helmet)
rElec   .            m - +0 cloak
rCorr   +            (no gloves)
SInv    .            (no boots)
Will    .....        (no amulet)
Stlth   +            p - ring of resist corrosion
HPRegen 0.24/turn    (no ring)
MPRegen 0.08/turn

%: no passive effects
@: lethally poisoned (0 -> -5), attractive, glowing
A: condensation shield, heat vulnerability 1
a: Renounce Religion, Berserk, Trog's Hand


You were on level 2 of the Dungeon.
You worshipped Trog.
Trog was most pleased with you.
You visited 1 branch of the dungeon, and saw 2 of its levels.

You collected 130 gold pieces.

Inventory:

Hand Weapons
 a - a +0 hand axe (weapon)
Armour
 b - a +0 robe (worn)
 d - an orb of light (worn)
 m - a +0 cloak (worn)
Jewellery
 p - a ring of resist corrosion (left hand)
Scrolls
 e - 2 scrolls of amnesia {unknown}
 g - a scroll of teleportation {unknown}
 h - a scroll of fear {unknown}
 i - a scroll of summoning {unknown}
 k - a scroll of noise {unknown}
 l - 3 scrolls of identify {unknown}
 o - a scroll of fog {unknown}
 q - 3 scrolls of enchant weapon {unknown}
Potions
 c - a potion of ambrosia
 f - a potion of attraction


   Skills:
 + Level 3.5 Fighting
 * Level 3.4 Axes
 + Level 3.1 Dodging


You had 2 spell levels left.
You didn't know any spells.
Your spell library was empty.

Dungeon Overview and Level Annotations

Branches:
Dungeon (2/15)

Altars:
Trog


Innate Abilities, Weirdness & Mutations

A meltable shield of frost defends you. (SH +4)
You are vulnerable to heat. (rF-)


Message History

The adder is heavily wounded.
You hit the hobgoblin.
You feel sick. The adder bites you.
You are more poisoned.
The adder poisons you!
The hobgoblin hits you but does no damage.
The adder bites you.
You are more poisoned.
The adder poisons you!
You hit the adder.
The adder is almost dead.
You hit the hobgoblin.
You kill the hobgoblin!
Trog accepts your kill.
You feel very sick. You block the adder's attack.
You barely miss the adder.
The adder is almost dead.
You feel very sick. The adder bites you.
You are lethally poisoned!
The adder poisons you! The adder bites you.
* * * LOW HITPOINT WARNING * * *
You hit the adder.
You kill the adder!
Trog accepts your kill.
* * * LOW HITPOINT WARNING * * *
You feel very sick.
It was a potion of attraction.
You feel attractive to monsters.
* * * LOW HITPOINT WARNING * * *
You feel sick.
Unknown command.
It was a potion of degeneration.
There was something very wrong with that liquid.
You feel weakened.
You feel dopey.
You feel clumsy.
* * * LOW HITPOINT WARNING * * *
You feel sick.
It was a potion of mutation.
You feel extremely strange.
You feel vulnerable to heat.
You die...

#....# #####....# ###
#..##....# #.#
#..##....# ##.##
#..##....# #...#
##...#....# ..#.##
###..#.#>...# ###..#
#.......@...#
.###.####.#.##.#.#......
..........#.P...P# .....
.....###.†P......# ....
.###..........[.PP. ...
###..............#.. ..
#.......#..P...#.. .
#.......#P.....#
#.......##.##.#


There were no monsters in sight!

Vanquished Creatures
  2 adders (D:2)
  A dart slug (D:2)
  4 ball pythons
  3 bats
  6 endoplasms
  3 giant cockroaches (D:1)
  A goblin (D:1)
  A hobgoblin (D:2)
  3 kobolds
  3 quokkas
  A frilled lizard (D:2)
  2 rats
30 creatures vanquished.

Notes
Turn   | Place    | Note
-------+----------+-------------------------------------------
     0 | D:1      | innerfire43 the Demonspawn Monk began the quest for the
                  | Orb.
     0 | D:1      | Reached XP level 1. HP: 18/18 MP: 1/1
   266 | D:1      | Gained mutation: A meltable shield of frost defends you.
                  | (SH +4) [demonic ancestry]
   266 | D:1      | Reached XP level 2. HP: 21/24 MP: 2/2
   534 | D:1      | Found a faded altar of an unknown god.
   866 | D:1      | Prayed at the altar of an unknown god.
   866 | D:1      | Became a worshipper of Trog the Wrathful
   866 | D:1      | Reached * piety under Trog
   866 | D:1      | Reached ** piety under Trog
  1155 | D:2      | Reached *** piety under Trog
  1250 | D:2      | Reached XP level 3. HP: 25/29 MP: 3/3
  1403 | D:2      | HP: 1/29 [poisoned by an adder]
  1404 | D:2      | Gained mutation: You are vulnerable to heat. (rF-) [potion
                  | of mutation]
  1404 | D:2      | Succumbed to an adder's poison

Illustrated notes

Levels and vault maps discovered:
D:1:      dpeg_arrival_windows_large_door, layout_basic,
          nicolae_ecumenical_lake_church, minmay_misc_feat_rows,
          hangedman_decor_points
D:2:      cheibrodos_old_hovel, layout_rooms, minmay_misc_feat_more_columns,
          kennysheep_generic_room_12

Skill      XL: |  1  2 |
---------------+-------+-----
Axes           | 3 |  3.4
Dodging        | 3 |  3.1
Fighting       | |  3.5

Action                     || total
---------------------------++-------
  Melee: Hand axe          ||    72
    Use: Potion            ||     3
 Armour: Robe              ||    15
  Dodge: Dodged            ||    41
  Block: Orb               ||     5

Table legend: (Time is in decaauts)
 A = Elapsed time spent in this place.
 B = Non-inter-level travel time spent in this place.
 C = Inter-level travel time spent in this place.
 D = Time resting spent in this place.
 E = Time spent auto-exploring this place.
 F = Levels seen in this place.
 G = Mean time per level.
                   A        B        C        D        E       F      G
               +--------+--------+--------+--------+--------+-----+--------+
         Total |   1418 |   1298 |    120 |      0 |   1108 |   2 |  709.0 |
       Dungeon |   1418 |   1298 |    120 |      0 |   1108 |   2 |  709.0 |
               +--------+--------+--------+--------+--------+-----+--------+

Top non-repeatable levels by time:
     D:1: 1078 daAuts
     D:2: 340 daAuts
